 Dungeon Crawl Stone Soup version 0.26.0-10-g1f06aea511 (webtiles) character file.

Game seed: 11011364508423039730

1894 Amaterasu the Caller (level 9, -7/72 HPs)
             Began as a Human Summoner on Jan 27, 2021.
             Was an Elder of Cheibriados.
             Mangled by an ogre
             ... wielding a +0 giant club
              (11 damage)
             ... on level 7 of the Dungeon.
             The game lasted 00:29:36 (8410 turns).

Amaterasu the Caller (Human Summoner)               Turns: 8410, Time: 00:29:36

Health: -7/72      AC:  6    Str: 18      XL:     9   Next: 37%
Magic:  3/15       EV: 13    Int: 27      God:    Cheibriados [****..]
Gold:   309        SH:  0    Dex: 21 (23) Spells: 3/16 levels left

rFire    . . .     SeeInvis .   d - +0 spear
rCold    . . .     Faith    .   (no shield)
rNeg     + . .     Spirit   .   q - +2 leather armour {rN+}
rPois    +         Reflect  .   (no helmet)
rElec    .         Harm     .   (no cloak)
rCorr    .         Rampage  .   t - +0 pair of gloves
Will     .....                  (no boots)
Stlth    ++........             (no amulet)
HPRegen  0.22/turn              (no ring)
MPRegen  0.14/turn              (no ring)

@: very slightly contaminated, very slow
A: poison resistance, robust 1, MP-powered wands
a: Renounce Religion, Bend Time, Temporal Distortion, Slouch


You were on level 7 of the Dungeon.
You worshipped Cheibriados.
Cheibriados was greatly pleased with you.
You visited 1 branch of the dungeon, and saw 7 of its levels.

You collected 309 gold pieces.

Inventory:

Hand Weapons
 d - a +0 spear (weapon)
Missiles
 h - 5 poisoned darts
Armour
 q - a +2 leather armour of positive energy (worn)
 t - a +0 pair of gloves (worn)
Jewellery
 e - an uncursed ring of fire
Wands
 o - a wand of polymorph (4)
 r - a wand of flame (25)
Scrolls
 a - 6 scrolls of teleportation
 b - 6 scrolls of remove curse
 f - a scroll of amnesia
 s - 2 scrolls of enchant armour
Potions
 g - a potion of might
 i - 4 potions of ambrosia
 j - 2 potions of haste
 k - a potion of attraction {unknown}
 m - a potion of brilliance {unknown}
 n - 4 potions of lignification {unknown}


   Skills:
 * Level 4.5 Fighting
 - Level 5.0 Polearms
 - Level 4.0 Armour
 - Level 2.0 Dodging
 - Level 2.0 Stealth
 - Level 4.0 Spellcasting
 * Level 6.7 Summonings
 * Level 1.4 Ice Magic
 * Level 2.5 Air Magic
 * Level 3.5 Invocations


You had 3 spell levels left.
You knew the following spells:

 Your Spells              Type           Power        Failure   Level
b - Call Imp              Summ           41%          1%          2
c - Call Canine Familiar  Summ           41%          1%          3
d - Summon Lightning Spi  Summ/Air       30%          14%         4
e - Summon Ice Beast      Ice/Summ       27%          19%         4

Your spell library contained the following spells:

 Spells                   Type           Power        Failure   Level
 Summon Small Mammal      Summ           100%         1%          1
 Summon Guardian Golem    Hex/Summ       23%          7%          3
 Beastly Appendage        Tmut           10%          10%         1
 Wereblood                Tmut           5%           14%         2
 Spider Form              Tmut/Pois      2%           28%         3
 Ice Form                 Ice/Tmut       9%           56%         4
 Blade Hands              Tmut           2%           95%         5


Dungeon Overview and Level Annotations

Branches:
Dungeon (7/15)             Temple (0/1) D:4

Altars:
Cheibriados
Dithmenos
Elyvilon
Fedhas
Kikubaaqudgha
Trog
Uskayaw
Vehumet
Wu Jian
Xom
The Shining One

Shops:
D:4 [   D:5 *

Annotations:
D:7 Prince Ribbit


Innate Abilities, Weirdness & Mutations

Your system is resistant to poisons. (rPois)
You are robust. (+10% HP)
You expend magic power (3 MP) to strengthen your wands.


Message History

The bolt of electricity misses the orc priest.
The bolt of electricity hits the orc priest!
The orc priest dies!
Cheibriados thoroughly appreciates the change of pace.
The bolt of electricity hits the ogre!
The orc warrior barely misses you.
Casting: Summon Lightning Spire (dangerous; 14% risk of failure)
Confirm with . or Enter, or press ? or * to list all spells.
The orc warrior hits you from afar with a +0 halberd of flaming.
The orc warrior burns you. The ogre barely misses you.
You hit the ogre.
The ogre is heavily wounded.
Your hound bites the orc warrior.
You puncture the ogre!
The ogre is severely wounded.
The orc warrior hits you from afar with a +0 halberd of flaming!
* * * LOW HITPOINT WARNING * * *
The orc warrior burns you.
* * * LOW HITPOINT WARNING * * *
Your hound bites the orc warrior.
The ogre hits you with a +0 giant club!
You die...

############### #####
#@.8..........#
###...##########O###########.#
....<(.........hoo.# #.#
....(.############.# #.#
#.####### #.# #.# #..†....#
#.# #.# #######.###### #.# #.#
#......# #.# #.# ######.# #.#
#.#


You could see an orc warrior, an ogre, an orc, a friendly lightning spire
(summoned) and a friendly hound (summoned).

Vanquished Creatures
  An orc warrior (D:7)
  A centaur (D:5)
  A bullfrog (D:6)
  A nameless horror (D:3)
  A quasit (D:6)
  2 orc wizards (D:5)
  4 worker ants
  A killer bee zombie (D:5)
  A howler monkey skeleton (D:4)
  4 adders
  2 white imps
  An adder skeleton (D:4)
  2 dart slugs
  4 leopard geckos
  9 orcs
  2 bats
  5 giant cockroaches
  A goblin (D:3)
  A hobgoblin (D:2)
  A jackal (D:6)
  2 quokkas
  2 frilled lizards (D:3)
  2 jackal zombies (D:5)
  5 kobolds
  A quokka skeleton (D:4)
  7 rats
64 creatures vanquished.

Vanquished Creatures (collateral kills)
  Harold (D:7)
  Sigmund (D:3)
  Menkaure (D:5)
  An orc warrior (D:5)
  2 sky beasts (D:6)
  An ogre (D:5)
  4 centaurs
  2 bullfrogs
  Dowan (D:4)
  A scorpion (D:6)
  2 howler monkeys
  A bullfrog zombie (D:5)
  2 orc priests
  A jelly (D:5)
  3 orc wizards
  An iguana (D:4)
  A worker ant (D:4)
  5 adders
  A white imp (D:6)
  An ufetubus (D:5)
  An ooze (D:5)
  A worm (D:3)
  3 leopard geckos
  17 orcs
  A giant cockroach (D:3)
  6 goblins
  3 hobgoblins
  3 jackals (D:7)
  2 kobolds
  2 quokkas
  A ball python (D:5)
  A bat (D:2)
  3 frilled lizards
  5 rats (D:1)
82 creatures vanquished.

Grand Total: 146 creatures vanquished

Notes
Turn   | Place    | Note
-------+----------+-------------------------------------------
     0 | D:1      | Amaterasu the Human Summoner began the quest for the Orb.
     0 | D:1      | Reached XP level 1. HP: 13/13 MP: 3/3
   297 | D:1      | Reached XP level 2. HP: 20/20 MP: 3/5
   300 | D:1      | Learned a level 2 spell: Call Imp
  1080 | D:2      | Reached XP level 3. HP: 14/25 MP: 3/6
  1090 | D:2      | Learned a level 3 spell: Call Canine Familiar
  1234 | D:2      | Reached skill level 1 in Fighting
  1392 | D:2      | You fall into a shaft and drop 2 floors!
  1539 | D:2      | Reached skill level 1 in Armour
  1539 | D:2      | Reached XP level 4. HP: 32/32 MP: 4/7
  1601 | D:2      | Found an ancient bone altar of Kikubaaqudgha.
  1604 | D:2      | Noticed a +0 hand axe
  1605 | D:2      | Noticed a +0 dagger
  1608 | D:2      | Found a hide-covered altar of Uskayaw.
  1634 | D:2      | Reached skill level 1 in Polearms
  1822 | D:2      | Found a snail-covered altar of Cheibriados.
  1828 | D:2      | Became a worshipper of Cheibriados the Contemplative
  1831 | D:2      | Found a blossoming altar of Fedhas.
  2151 | D:3      | Found a white marble altar of Elyvilon.
  2210 | D:3      | Noticed a nameless horror
  2223 | D:3      | Killed a nameless horror
  2619 | D:3      | Found a faded altar of an unknown god.
  2654 | D:3      | Reached XP level 5. HP: 37/37 MP: 8/8
  2745 | D:3      | Noticed Sigmund
  2766 | D:3      | Killed Sigmund
  2767 | D:3      | Reached skill level 5 in Summonings
  2767 | D:3      | Reached skill level 1 in Invocations
  2767 | D:3      | Reached XP level 6. HP: 38/44 MP: 1/9
  2902 | D:3      | Found a shadowy altar of Dithmenos.
  3034 | D:3      | Reached * piety under Cheibriados
  3205 | D:4      | Noticed Duvessa
  3205 | D:4      | Noticed Dowan
  3219 | D:4      | Noticed Duvessa
  3219 | D:4      | Duvessa changed into Duvessa the quokka
  3219 | D:4      | Killed Duvessa the quokka
  3226 | D:4      | Killed Dowan
  3632 | D:4      | Found Docayreu's Armour Boutique.
  3770 | D:4      | Reached XP level 7. HP: 35/51 MP: 8/10
  3959 | D:4      | Found a staircase to the Ecumenical Temple.
  4066 | D:4      | Found an ornate altar of the Wu Jian Council.
  4114 | D:5      | Entered Level 5 of the Dungeon
  4252 | D:5      | Learned a level 4 spell: Summon Lightning Spire
  4588 | D:5      | Reached ** piety under Cheibriados
  4725 | D:5      | Found a radiant altar of Vehumet.
  4727 | D:5      | Found a shimmering altar of Xom.
  4727 | D:5      | Found a bloodstained altar of Trog.
  4729 | D:5      | Found a hide-covered altar of Uskayaw.
  4729 | D:5      | Found a shimmering altar of Xom.
  4729 | D:5      | Found a bloodstained altar of Trog.
  4743 | D:5      | Got a crude robe
  4749 | D:5      | Identified the +1 robe "Bimuerer" {Str+4} (You found it on
                  | level 5 of the Dungeon)
  4827 | D:5      | Found Ujemel's Elemental Accessories.
  5093 | D:5      | Noticed Menkaure
  5110 | D:5      | Killed Menkaure
  5111 | D:5      | Reached skill level 1 in Air Magic
  5111 | D:5      | Reached XP level 8. HP: 20/57 MP: 2/11
  5455 | D:5      | Found a radiant altar of Vehumet.
  6017 | D:5      | Gained mutation: Your muscles are strong. (Str +2) [potion
                  | of mutation]
  6017 | D:5      | Gained mutation: You are occasionally teleported next to
                  | monsters. [potion of mutation]
  6017 | D:5      | Gained mutation: You have sharp toenails. [potion of
                  | mutation]
  6018 | D:5      | Lost mutation: Your muscles are strong. (Str +2) [potion of
                  | mutation]
  6018 | D:5      | Lost mutation: You have sharp toenails. [potion of
                  | mutation]
  6018 | D:5      | Gained mutation: Your body sometimes deteriorates upon
                  | taking damage. [potion of mutation]
  6018 | D:5      | Gained mutation: You expend magic power (3 MP) to
                  | strengthen your wands. [potion of mutation]
  6019 | D:5      | Lost mutation: You are occasionally teleported next to
                  | monsters. [potion of mutation]
  6019 | D:5      | Lost mutation: Your body sometimes deteriorates upon taking
                  | damage. [potion of mutation]
  6019 | D:5      | Gained mutation: Your system is resistant to poisons.
                  | (rPois) [potion of mutation]
  6019 | D:5      | Gained mutation: You are robust. (+10% HP) [potion of
                  | mutation]
  6052 | D:6      | Found a glowing golden altar of the Shining One.
  6499 | D:5      | Reached *** piety under Cheibriados
  7074 | D:6      | Learned a level 4 spell: Summon Ice Beast
  7786 | D:7      | Noticed Prince Ribbit
  7786 | D:7      | Noticed Harold
  7950 | D:7      | Reached XP level 9. HP: 50/70 MP: 4/14
  7967 | D:7      | Reached skill level 6 in Summonings
  8057 | D:7      | Killed Harold
  8058 | D:7      | Reached skill level 5 in Polearms
  8058 | D:7      | Reached skill level 1 in Ice Magic
  8398 | D:7      | Reached **** piety under Cheibriados
  8410 | D:7      | Mangled by an ogre

Illustrated notes

Levels and vault maps discovered:
D:1:      dpeg_arrival_refuge, layout_rooms, minmay_cut_off
D:2:      layout_rooms, overflow_temple_1_default,
          nicolae_overflow_crystal_walls, dancing_weapons_uskayaw,
          nicolae_overflow_hidden_temple
D:3:      layout_loops_cross, grunt_dithmenos_smoke_and_mirrors,
          elyvilon_altar_1, chequers_ecumenical_altar_simple, uniq_sigmund
D:4:      layout_rooms, kennysheep_mini, minmay_temple_entry_crystal_x,
          serial_shops, kennysheep_little_box, uniq_duvessa
D:5:      layout_basic, lemuel_round_altar, doesnt_xom_only_xom,
          nicolae_elemental_shop, uniq_menkaure
D:6:      layout_rooms, basic_altar
D:7:      layout_loops_ring, nemelex_xobeh_ov_fountains_minmay,
          gammafunk_ghost_wrathful_warriors, eino_tiny_chamber, uniq_harold,
          uniq_prince_ribbit1

Skill      XL: |  1  2  3  4  5  6  7  8  9 |
---------------+----------------------------+-----
Fighting       | 1 2 3 4 |  4.5
Armour         | 1 2 3 4 |  4.0
Polearms       | 1 2 3 4 5 |  5.0
Summonings     | 5 6 |  6.7
Invocations    | 1 2 3 |  3.5
Air Magic      | 1 2 |  2.5
Spellcasting   | 3 4 |  4.0
Ice Magic      | 1 |  1.4
Dodging        | |  2.0
Stealth        | |  2.0

Action                   |  1- 3 |  4- 6 |  7- 9 || total
-------------------------+-------+-------+-------++-------
Melee: Unarmed           |    74 |       |       ||    74
       Spear             |    51 |   192 |   261 ||   504
 Cast: Summon Small Mamm |    24 |    13 |       ||    37
       Call Imp          |     4 |     8 |    55 ||    67
       Call Canine Famil |       |     5 |    19 ||    24
       Summon Lightning  |       |       |     3 ||     3
       Summon Ice Beast  |       |       |     1 ||     1
Invok: Bend Time         |       |       |     1 ||     1
Evoke: Wand              |       |     3 |     3 ||     6
  Use: Scroll            |     4 |     5 |     8 ||    17
       Potion            |       |       |     7 ||     7
 Stab: Sleeping          |     1 |       |     1 ||     2
       Distracted        |       |     1 |     4 ||     5
Armor: Robe              |     7 |       |       ||     7
       Ring mail         |    31 |    55 |    18 ||   104
       Leather armour    |       |       |    84 ||    84
Dodge: Dodged            |    63 |    94 |   167 ||   324
